nht, chaotic female elven Wizard # # ---------- ---+- ------- -+-------- |........| |...| |.....-# #+........| #####+........| ---------- |...| |.....|# #|.>......| |........| |.+..[)..-# |...| |.....| #|........| #-........| |..).....|# |...| |.....| #---.------ ##%|......*.| |[.....%.|# |...+#############|.....| ## ## # -------|-- |.%)...).|# --+-- #+.....| # # # # |.%%.%%..|# ## ---+--- # ### # # ----------# # ## # # % %# ### # # # ### # --.--- # # ### # # # |....| ###--+-- # # ----.-----# |....| #.....########### ## # |.......)|% |....| |...| # -------+------# |.......)@# |....| |..<. ### |............|# ##+........| |....| |...| # |............|# |.*......| |....| ----- ##+.............# ---------- ------ -------------- nht the Conjurer Experience level: 4 Strength: 11 Dexterity: 11 Constitution: 13 Intelligence: 20 Wisdom: 13 Charisma: 9 Health: 0(30) Energy: 46(46) Def: 2 Gold: 0 Moves: 815 Dungeon seed: zMzGrnkgyTpmaGI6 Game ID: nht_1430652864 Your Inventory: Weapons a - a blessed +1 quarterstaff (weapon in hands) Armor e - an uncursed +0 cloak of magic resistance (being worn) y - an uncursed +0 helm of brilliance (being worn) Comestibles u - an uncursed lichen corpse E - an uncursed lembas wafer Scrolls k - an uncursed scroll of enchant armor r - an uncursed scroll of destroy armor G - an uncursed scroll of remove curse Spellbooks l - a blessed spellbook of force bolt m - a blessed spellbook of magic missile A - an uncursed spellbook of wizard lock Potions W - an uncursed potion of oil Rings c - an uncursed ring of free action (on left hand) d - an uncursed ring of regeneration (on right hand) q - an uncursed ring of poison resistance V - a blessed +1 ring of gain strength Wands b - a wand of secret door detection (0:15) C - a wand of slow monster (0:3) J - a wand of sleep (0:5) Tools i - an uncursed oil lamp (0:1450) o - a magic marker (0:20) p - an uncursed tooled horn v - an uncursed skeleton key Gems n - an uncursed opal N - an uncursed amber stone R - an uncursed worthless piece of white glass Y - 2 uncursed worthless pieces of green glass Spells known in the end: Name Level Category Fail Memory a - force bolt 1 attack 0% 96% b - magic missile 2 attack 0% 96% c - cure sickness 3 healing 71% 100% d - wizard lock 2 matter 39% 99% e - haste self 3 escape 71% 99% f - teleport away 6 escape 100% 100% Your skills at the end: Fighting Skills Weapon Skills quarterstaff [Basic] Spellcasting Skills attack spells [Basic] enchantment spells [Basic] Final Attributes: You were piously aligned. You were sleep resistant. You were magic-protected. You had infravision. You regenerated. You had free action. You were lucky. You are dead. Vanquished creatures: a small mimic 2 Kop Sergeants a gas spore 2 giant rats 3 Keystone Kops a jackal a fox 2 goblins 2 sewer rats a grid bug a lichen a newt 18 creatures vanquished. Voluntary challenges: You followed a strict vegan diet. You were an atheist. You used a wielded weapon 34 times, starting on turn 12. You read items or engraved 265 times, starting on turn 272. You never genocided any monsters. You never polymorphed an object. You never changed form. You used no wishes. You never split a pudding. You wrote Elbereth's name 3 times, starting on turn 344. You never violated your personal moral code. Dungeon overview: The Dungeons of Doom: levels 1 to 3 Level 1 a long staircase Level 2 a sink Level 3 <- You were here a general store a long staircase History has recorded: On T:1 you entered the Dungeons of Doom to retrieve the Amulet of Yendor! On T:60 you reached level 2 of The Dungeons of Doom. On T:108 you reached level 3 of The Dungeons of Doom. On T:304 you advanced to experience level 2. On T:768 you advanced to experience level 3. On T:812 you advanced to experience level 4. Score breakdown: Gold: 0 ( 0 points) Experience: 4 levels ( 9649 points) Exploration: 3 levels ( 6.12%) ( 6123 points) Discoveries: 12 items ( 4.35%) ( 6255 points) Valuables value: (no points given unless you survive) Artifact value: 0 ( 0 points) Variety of kills: 12 monsters ( 3.17%) ( 5338 points) Time penalty: 815 turns ( 0 points) Survival: died (score multiplied by 80%) Total score: 21892 Latest messages: You refresh your knowledge of "teleport away". "You owe an additional 640 zorkmids." You have a little trouble lifting m - a blessed spellbook of magic missile (unpaid, 266 zorkmids). Your movements are slowed slightly because of your load. "For you, esteemed lady; only 133 for this potion of confusion." g - an uncursed potion of confusion (unpaid, 133 zorkmids). "For you, esteemed lady; only 200 for this potion of invisibility." Q - an uncursed potion of invisibility (unpaid, 200 zorkmids). "For you, most gracious lady; only 66 for this potion of see invisible." f - an uncursed potion of see invisible (unpaid, 66 zorkmids). "For you, honored lady; only 266 for this ring of free action." c - an uncursed ring of free action (unpaid, 266 zorkmids). "For you, esteemed lady; only 266 for this ring of regeneration." d - an uncursed ring of regeneration (unpaid, 266 zorkmids). "For you, most gracious lady; only 200 for this silver ring." q - a silver ring (unpaid, 200 zorkmids). "For you, good lady; only 200 for this wand of secret door detection." b - a wand of secret door detection (0:15) (unpaid, 200 zorkmids). "For you, good lady; only 66 for this magic marker." o - a magic marker (0:70) (unpaid, 66 zorkmids). "For you, good lady; only 13 for this oil lamp." You kill the gas spore! The Kop Sergeant is caught in the gas spore's explosion! You kill the Kop Sergeant! You are caught in the gas spore's explosion! Pakka Pakka comes and takes all your possessions. Final status: Goodbye nht the Wizard, killed by a gas spore's explosion... You died in The Dungeons of Doom on dungeon level 3 with 21892 points, and 0 pieces of gold, after 815 moves. You were level 4 with a maximum of 30 hit points when you died.